 Dungeon Crawl Stone Soup version 0.23.0-33-g5e6c059 (webtiles) character file.

Game seed: 7471011248586166375

413 misha the Poker (level 6, 0/51 HPs)
             Began as a Merfolk Berserker on Feb 26, 2019.
             Was a Believer of Trog.
             Succumbed to a worker ant's poison
             ... on level 4 of the Dungeon.
             The game lasted 00:11:05 (4062 turns).

misha the Poker (Merfolk Berserker)                 Turns: 4062, Time: 00:11:06

Health: 0/51       AC:  7    Str: 19    XL:     6   Next: 91%
Magic:  6/6        EV: 14    Int:  6    God:    Trog [**....]
Gold:   174        SH:  0    Dex: 14    Spells: 5/5 levels left

rFire    . . .     SeeInvis .   y - staff of conjuration
rCold    . . .     Gourm    .   (no shield)
rNeg     . . .     Faith    .   i - +0 ring mail
rPois    .         Spirit   .   b - +0 helmet
rElec    .         Reflect  .   (no cloak)
rCorr    .         Harm     .   r - +0 pair of gloves
MR       .....                  (no boots)
Stlth    +.........             (no amulet)
HPRegen  0.17/turn              (no ring)
MPRegen  0.10/turn              (no ring)

@: lethally poisoned (0 -> -2), berserk cooldown, slowed, very slow
A: change form in water, swift swim, stealthy swim
a: Berserk, Trog's Hand, Renounce Religion


You were on level 4 of the Dungeon.
You worshipped Trog.
Trog was pleased with you.
You were near starving.

You visited 1 branch of the dungeon, and saw 4 of its levels.

You collected 174 gold pieces.

Inventory:

Hand Weapons
 a - a +0 spear
Missiles
 e - 227 stones (quivered)
 j - 27 sling bullets
 x - 2 tomahawks
Armour
 b - a +0 helmet (worn)
 i - a +0 ring mail (worn)
 r - a +0 pair of gloves (worn)
Magical Staves
 y - an uncursed staff of conjuration (weapon)
Jewellery
 q - an uncursed ring of protection from magic {unknown}
 s - an uncursed ring of poison resistance {unknown}
Wands
 w - a wand of polymorph (6)
Scrolls
 f - 5 scrolls of identify
 g - a scroll of teleportation
 l - 2 scrolls of amnesia
Potions
 d - a potion of ambrosia
 h - 2 potions of agility {unknown}
 k - a potion of haste {unknown}
 m - a potion of might {unknown}
 n - a potion of curing {unknown}
 t - a potion of degeneration {unknown}
 v - a potion of berserk rage {unknown}
Comestibles
 c - 6 rations


   Skills:
 + Level 5.4 Fighting
 + Level 7.3 Polearms
 - Level 1.5 Armour
 + Level 5.5 Dodging


You had 5 spell levels left.
You didn't know any spells.
Your spell library was empty.

Dungeon Overview and Level Annotations

Branches:
Dungeon (4/15)
 Temple: D:4-7

Altars:
Okawaru


Message History

The adder barely misses you. The adder closely misses you.
You hit the adder.
The adder is severely wounded.
* * * LOW HITPOINT WARNING * * *
You feel sick. The adder barely misses you.
An orc comes into view. It is wielding a +0 short sword.
The adder barely misses you.
The orc shouts!
You hit the adder.
You kill the adder!
Trog accepts your kill.
* * * LOW HITPOINT WARNING * * *
You feel sick. The orc closely misses you.
An orc comes into view.
It is wielding a +1 falchion of holy wrath.
The orc misses you.
Things that are here:
an adder corpse x2
You closely miss the orc.
You die...

####........
##...#.....#
##..........#.
##########......l......
............aO...#.#...
####.o.#####.a......
##.## ##..#..#... #o#
#...a..... #@#
#.....##.# #.# #......
. +#.#+ #.......
.#####...#####.
.......⌠.......
.#####...#####. +#.#+
#.# #.#


You could see 2 orcs.

Vanquished Creatures
  An ogre (D:4)
  A howler monkey (D:4)
  A bullfrog skeleton (D:4)
  An orc wizard (D:3)
  2 worker ants (D:4)
  Robin (D:2)
  3 gnolls (D:3)
  6 adders
  2 oozes
  3 worms
  A dart slug (D:2)
  4 leopard geckos
  2 orcs (D:3)
  3 ball pythons
  6 giant cockroaches
  13 goblins
  8 hobgoblins
  3 jackals
  6 kobolds
  3 bats
  3 frilled lizards
  6 rats
79 creatures vanquished.

Notes
Turn   | Place    | Note
-------+----------+-------------------------------------------
     0 | D:1      | misha the Merfolk Berserker began the quest for the Orb.
     0 | D:1      | Reached XP level 1. HP: 18/18 MP: 1/1
   633 | D:1      | Reached XP level 2. HP: 24/24 MP: 2/2
   796 | D:1      | Reached skill level 5 in Polearms
  1010 | D:2      | Reached XP level 3. HP: 29/30 MP: 3/3
  1459 | D:2      | Reached XP level 4. HP: 23/37 MP: 4/4
  1519 | D:2      | Reached ** piety under Trog
  1530 | D:2      | Noticed Robin
  1534 | D:2      | Killed Robin
  2510 | D:3      | Reached skill level 6 in Polearms
  2510 | D:3      | Reached XP level 5. HP: 39/43 MP: 5/5
  3058 | D:3      | Found an iron altar of Okawaru.
  3952 | D:4      | Reached XP level 6. HP: 42/50 MP: 6/6
  4038 | D:4      | Reached skill level 5 in Fighting
  4041 | D:4      | Reached skill level 5 in Dodging
  4044 | D:4      | Reached skill level 7 in Polearms
  4056 | D:4      | HP: 2/51 [poisoned by a worker ant]
  4062 | D:4      | Succumbed to a worker ant's poison

Skill      XL: |  1  2  3  4  5  6 |
---------------+-------------------+-----
Polearms       | 5 6 7 |  7.3
Dodging        | 3 4 5 |  5.5
Fighting       | 4 5 |  5.4
Armour         | |  1.5

Action                   |  1- 3 |  4- 6 || total
-------------------------+-------+-------++-------
Melee: Spear             |   116 |   188 ||   304
       Staff             |       |    56 ||    56
Invok: Trog's Hand       |       |     1 ||     1
       Berserk           |       |     1 ||     1
  Use: Scroll            |       |     7 ||     7
 Stab: Distracted        |       |     1 ||     1
  Eat: Chunk             |       |     6 ||     6
       Ration            |       |     1 ||     1
Armor: Animal skin       |     6 |       ||     6
       Ring mail         |    13 |    59 ||    72
Dodge: Dodged            |    49 |   112 ||   161
